 Dungeon Crawl Stone Soup version 0.20.1-1-g8b1a95d (webtiles) character file.

63 Andry07 the Skirmisher (level 4, -1/30 HPs)
             Began as a Gargoyle Fighter on Oct 7, 2017.
             Killed by divine providence
             ... invoked by an orc priest
              (14 damage)
             ... on level 2 of the Dungeon.
             The game lasted 00:01:17 (783 turns).

Andry07 the Skirmisher (Gargoyle Fighter)            Turns: 783, Time: 00:01:18

Health: -1/30      AC: 10    Str: 20    XL:     4   Next: 9%
Magic:  4/4        EV:  7    Int:  9    God:
Gold:   97         SH:  9    Dex:  9    Spells: 3/3 levels left

rFire    . . .     SeeInvis .   a - +0 flail
rCold    . . .     Gourm    .   c - +0 shield
rNeg     + . .     Faith    .   b - +0 scale mail
rPois    ∞         Spirit   .   (no helmet)
rElec    +         Reflect  .   (no cloak)
rCorr    .         Harm     .   (no gloves)
MR       .....                  (no boots)
Stlth    ..........             (no amulet)
Regen    0.1/turn               (no ring)
MPRegen  0.1/turn               (no ring)

@: no status effects
A: negative energy resistance 1, electricity resistance, unbreathing,
petrification resistance, rot immunity, AC +3
a: no special abilities


You were on level 2 of the Dungeon.
You were not hungry.

You visited 1 branch of the dungeon, and saw 2 of its levels.

You collected 97 gold pieces.

Inventory:

Hand Weapons
 a - a +0 flail (weapon)
Armour
 b - a +0 scale mail (worn)
 c - a +0 shield (worn)
Scrolls
 e - 3 scrolls of identify {unknown}
 g - a scroll of remove curse {unknown}
Potions
 d - a potion of might
 i - a potion of heal wounds {unknown}
 j - a potion of lignification {unknown}
 k - 2 potions of mutation {unknown}
Comestibles
 f - a bread ration
 h - 4 fruits


   Skills:
 * Level 4.4 Fighting
 + Level 2.6 Maces & Flails
 + Level 3.8 Armour
 - Level 3.2 Shields


You had 3 spell levels left.
You didn't know any spells.

Dungeon Overview and Level Annotations

Branches:
Dungeon (2/15)

Altars:


Innate Abilities, Weirdness & Mutations

You are resistant to torment.
Your stone body is resilient. (AC +3)
You are immune to poison.
You resist negative energy. (rN+)
You are resistant to electric shocks. (rElec)
You can survive without breathing.
You are immune to petrification.
You are immune to rotting.


Message History

You are too injured to fight recklessly!
You are too injured to fight recklessly!
You are too injured to fight recklessly!
You are too injured to fight recklessly!
You are too injured to fight recklessly!
You are too injured to fight recklessly!
You are too injured to fight recklessly!
You are too injured to fight recklessly!
Unknown command.
You closely miss the orc.
The orc is almost dead.
The orc closely misses you. The orc hits you with a short sword.
The orc completely misses you.
You sock the orc!
You kill the orc!
Your shield prevents you from hitting the orc.
The orc hits you but does no damage. You block the orc's attack.
The orc priest mumbles some strange prayers to Beogh against you.
Beogh smites you!
You die...

... .. ...#........#
#.# #.###....≈...≈..
#.# #..##.?.........
#.####.##...........
##...........).......
###......o..w...≈...≈..
#.....###w##.#........#
#.###.###o##.#.########
#)# #...o@##.#..
..####.###.######.####
#......(...# #.#
.....####(### .# .###
#(# #.# #.# #### #.#
... #.#


You could see an orc priest, a dart slug and 2 orcs.

Vanquished Creatures
  An adder (D:2)
  3 worms (D:2)
  2 dart slugs
  3 orcs (D:2)
  4 giant cockroaches (D:1)
  5 goblins
  3 hobgoblins (D:1)
  2 jackals (D:2)
  6 kobolds
  2 ball pythons (D:1)
  4 bats
  2 rats (D:1)
37 creatures vanquished.

Notes
Turn   | Place    | Note
-------+----------+-------------------------------------------
     0 | D:1      | Andry07 the Gargoyle Fighter began the quest for the Orb.
     0 | D:1      | Reached XP level 1. HP: 14/14 MP: 1/1
    77 | D:1      | Reached XP level 2. HP: 19/19 MP: 2/2
   253 | D:1      | Reached XP level 3. HP: 24/24 MP: 3/3
   286 | D:1      | Reached skill level 4 in Fighting
   768 | D:2      | Reached XP level 4. HP: 23/30 MP: 4/4
   783 | D:2      | Killed from afar by an orc priest

Skill      XL: |  1  2  3 |
---------------+----------+-----
Fighting       | 4 |  4.4
Maces & Flails | |  2.6
Armour         | |  3.8
Shields        | |  3.2

Action                   |  1- 3 |  4- 6 || total
-------------------------+-------+-------++-------
Melee: Flail             |   146 |     5 ||   151
Armor: Scale mail        |    97 |     5 ||   102
Dodge: Dodged            |    61 |     3 ||    64
Block: Shield            |    88 |     4 ||    92
